AoeStats
← [PYSA] - Gustav07

Arabia

505362015Analyzed
3v3 RM · 23d ago on Sep 9, 2026· 28m 34s· 6 players
Game mode
Random Map
Map size
Normal (6 player)
Population
200
Speed
Normal
Resources
Standard
Victory
Conquest
Starting age
Dark Age
Ending age
Imperial Age
RankedLock teamsTeams togetherTeam positionsShared explorationLock speedFull tech treeHidden civsTurbo modeCheats
Victory
Defeat
🇺🇸 Lithuanians · United States
1230
+17
🇺🇸 Slavs · United States
1229
+17
🇺🇸 Persians · United States
1163
+20
🇦🇷 Vikings · Argentina
1292
-20
🇦🇷 Vietnamese · Argentina
1269
-19
🇦🇷 Lithuanians · Argentina
1184
-15
Frogger ✟
5:19 Loom
9:15 Feudal Age
9:46 Man-at-Arms
15:13 Fletching
16:35 Padded Archer Armor
16:22 Double-Bit Axe
19:01 Wheelbarrow
23:03 Castle Age
23:14 Pikeman
23:55 Squires
23:18 Long Swordsman
24:02 Scale Mail Armor
24:02 Bodkin Arrow
23:29 Elite Skirmisher
24:40 Forging
24:38 Scale Barding Armor
24:56 Bloodlines
26:07 Chain Mail Armor
28:28 Leather Archer Armor
Kermit The Frog
4:44 Loom
8:53 Feudal Age
10:04 Double-Bit Axe
17:53 Wheelbarrow
20:44 Castle Age
21:41 Scale Barding Armor
23:23 Husbandry
24:57 Chain Barding Armor
25:19 Town Watch
26:22 Horse Collar
28:09 Bloodlines
28:25 Forging
28:32 Bow Saw
Armageddon002
9:44 Loom
13:25 Feudal Age
14:38 Double-Bit Axe
17:45 Castle Age
17:11 Bloodlines
16:55 Horse Collar
18:17 Husbandry
23:42 Scale Barding Armor
24:01 Forging
26:12 Chain Barding Armor
26:48 Wheelbarrow
28:45 Iron Casting
[PYSA] - ༺Mojo Jijo༻
7:08 Loom
9:51 Feudal Age
24:11 Double-Bit Axe
24:40 Padded Archer Armor
27:37 Fletching
[PYSA] - Gustav07
8:16 Loom
10:23 Feudal Age
10:58 Town Watch
11:02 Double-Bit Axe
14:16 Horse Collar
18:16 Fletching
18:58 Padded Archer Armor
23:38 Castle Age
24:31 Scale Mail Armor
24:30 Pikeman
25:15 Squires
25:40 Chain Mail Armor
25:25 Gambesons
25:28 Arson
[PYSA] - Manu Jijobili
10:13 Feudal Age
9:43 Loom
10:40 Double-Bit Axe
12:18 Horse Collar
15:20 Town Watch
19:56 Castle Age
20:32 Bloodlines
22:12 Bow Saw
23:24 Wheelbarrow
24:47 Heavy Plow
26:04 Scale Barding Armor
27:01 Hand Cart
Connection lost

Rejoining the realm…

Still unreachable

The connection could not be restored.

Session expired

The server has moved on; the page needs a fresh start.